[Event "EIRCC 2019"]
[Site "Tallinn"]
[Date "2019.12.05"]
[Round "3.7"]
[White "Andriasian, Zaven"]
[Black "Shubin, Kirill"]
[Result "1-0"]
[ECO "A05"]
[WhiteElo "2633"]
[BlackElo "2321"]
[Annotator "RC"]
[PlyCount "121"]
[EventDate "2019.12.05"]
[EventType "swiss"]
[EventCountry "EST"]
[SourceTitle "playchess.com"]
[Source "ChessBase"]
[SourceQuality "1"]
[TimeControl "900+10"]

1. Nf3 Nf6 2. g3 b5 3. Bg2 Bb7 4. O-O e6 5. d3 c5 6. e4 d6 7. Nbd2 Nc6 8. a4 b4 9. b3 Be7 10. Bb2 O-O 11. Re1 Nd7 12. Nc4 Nb6 13. Ne3 a5 14. Ng4 e5 15. Ne3 Nd4 16. Nd2 Qd7 17. Rf1 d5 18. exd5 Nxd5 19. Ndc4 Nxe3 20. fxe3 Bxg2 21. Kxg2 Qb7+ 22. Kg1 Nc6 23. Nxe5 Nxe5 24. Bxe5 Bg5 25. e4 f5 26. Qe2 Rae8 27. Bd6 Rf6 28. Bf4 Bxf4 29. Rxf4 fxe4 30. Rxe4 Ref8 31. Re1 Qd7 32. Qg2 h6 33. h4 Qd6 34. Re8 Qd4+ 35. Kh1 Qf2 36. R1e2 Qd4 37. Rxf8+ Rxf8 38. Kh2 g5 39. Re4 Qf6 40. Qe2 gxh4 41. Rg4+ Kh8 42. Rxh4 Qf2+ 43. Qxf2 Rxf2+ 44. Kh3 Rxc2 45. Rxh6+ Kg7 46. Ra6 Rc3 47. Rxa5 Rxb3 48. Rxc5 Rxd3 49. Rb5 b3 50. a5 Rc3 51. a6 Rc6 52. Rb7+ Kh6 53. a7 Ra6 54. Rb6+ Rxb6 55. a8=Q b2 56. Qf8+ Kg6 57. Qe8+ Kf5 58. g4+ Kf4 59. Qf8+ Ke4 60. Qf5+ Ke3 61. Qc5+ 1-0

[Event "EIRCC 2019"]
[Site "Tallinn"]
[Date "2019.12.05"]
[Round "3.8"]
[White "Saveliev, Alexei"]
[Black "Lysyj, Igor"]
[Result "0-1"]
[ECO "C67"]
[WhiteElo "2312"]
[BlackElo "2599"]
[Annotator "ChessBase"]
[PlyCount "80"]
[EventDate "2019.12.05"]
[EventType "swiss"]
[EventCountry "EST"]
[SourceTitle "playchess.com"]
[Source "ChessBase"]
[SourceQuality "1"]
[TimeControl "900+10"]

1. e4 e5 2. Nf3 Nc6 3. Bb5 Nf6 4. O-O Nxe4 5. Re1 Nd6 6. Nxe5 Be7 7. Bf1 Nxe5 8. Rxe5 O-O 9. Nc3 Ne8 10. Nd5 Bd6 11. Re1 c6 12. Ne3 Be7 13. Qe2 Bf6 14. Ng4 Bg5 15. d4 d5 16. Bxg5 Qxg5 17. Qxe8 Be6 18. Re5 Qxg4 19. Qe7 Qxd4 20. Ree1 Qxb2 21. Bd3 b6 22. Rab1 Qf6 23. Qb7 c5 24. Bb5 d4 25. Bc6 Rac8 26. Bf3 Bxa2 27. Rb2 Bc4 28. Qxa7 b5 29. Rbb1 g6 30. Bg4 Rc6 31. Bd7 Rb6 32. Qc7 Qd6 33. Qxd6 Rxd6 34. Bxb5 Be6 35. Red1 c4 36. Ba4 Ra8 37. Rb4 Rda6 38. Bb5 Ra1 39. Rf1 Rxf1+ 40. Kxf1 Rb8 0-1

[Event "EIRCC 2019"]
[Site "Tallinn"]
[Date "2019.12.05"]
[Round "3.9"]
[White "Postny, Evgeny"]
[Black "Kukk, Sander"]
[Result "1/2-1/2"]
[ECO "E92"]
[WhiteElo "2598"]
[BlackElo "2313"]
[Annotator "ChessBase"]
[PlyCount "83"]
[EventDate "2019.12.05"]
[EventType "swiss"]
[EventCountry "EST"]
[SourceTitle "playchess.com"]
[Source "ChessBase"]
[SourceQuality "1"]
[TimeControl "900+10"]

1. d4 g6 2. c4 Bg7 3. e4 d6 4. Nc3 Nf6 5. Nf3 O-O 6. Be2 e5 7. d5 a5 8. h3 Na6 9. Bg5 h6 10. Be3 Qe7 11. Nd2 Nh7 12. O-O f5 13. f3 f4 14. Bf2 g5 15. a3 Bd7 16. b4 h5 17. c5 axb4 18. axb4 Nxb4 19. Qb3 Na6 20. c6 bxc6 21. dxc6+ Be6 22. Nd5 Qf7 23. Rxa6 Rab8 24. Qc2 Bxd5 25. exd5 e4 26. Nxe4 Rb2 27. Qc4 Rfb8 28. Ra2 R2b4 29. Qd3 Be5 30. Ra7 Rb3 31. Qa6 g4 32. fxg4 f3 33. Bxf3 Rxf3 34. gxf3 Qxf3 35. Rxc7 Qxh3 36. Rc8+ Nf8 37. Bg3 Bd4+ 38. Bf2 Be5 39. Bg3 Bd4+ 40. Bf2 Be5 41. Bg3 Bd4+ 42. Bf2 1/2-1/2

[Event "EIRCC 2019"]
[Site "Tallinn"]
[Date "2019.12.05"]
[Round "3.10"]
[White "Rogule, Laura"]
[Black "Sanal, Vahap"]
[Result "0-1"]
[ECO "E17"]
[WhiteElo "2292"]
[BlackElo "2597"]
[Annotator "ChessBase"]
[PlyCount "82"]
[EventDate "2019.12.05"]
[EventType "swiss"]
[EventCountry "EST"]
[SourceTitle "playchess.com"]
[Source "ChessBase"]
[SourceQuality "1"]
[TimeControl "900+10"]

1. c4 Nf6 2. Nf3 e6 3. g3 b6 4. Bg2 Bb7 5. d4 Be7 6. O-O O-O 7. Re1 Na6 8. a3 d5 9. cxd5 exd5 10. Bf4 c5 11. Nc3 Nc7 12. h3 Ne6 13. Be3 Rc8 14. Rc1 h6 15. Ne5 Re8 16. dxc5 bxc5 17. Na4 Ba8 18. Nd3 d4 19. Bd2 Bxg2 20. Kxg2 Ne4 21. Nf4 Nxd2 22. Qxd2 Nxf4+ 23. gxf4 Qd5+ 24. e4 Qc6 25. b3 Rb8 26. Qc2 Qg6+ 27. Kh2 Qf6 28. Nxc5 Qxf4+ 29. Kg2 Rb6 30. e5 Rg6+ 31. Kf1 Qh2 32. Qf5 Rg1+ 33. Ke2 Rxe1+ 34. Kxe1 Qg1+ 35. Kd2 Bg5+ 36. f4 Qe3+ 37. Kd1 Bxf4 38. Rc2 Rxe5 39. Qc8+ Re8 40. Ne6 Qd3+ 41. Ke1 Bg3+ 0-1

[Event "EIRCC 2019"]
[Site "Tallinn"]
[Date "2019.12.05"]
[Round "3.11"]
[White "Riazantsev, Alexander"]
[Black "Shvyrjov, Igor"]
[Result "1-0"]
[ECO "A41"]
[WhiteElo "2594"]
[BlackElo "2296"]
[Annotator "ChessBase"]
[PlyCount "113"]
[EventDate "2019.12.05"]
[EventType "swiss"]
[EventCountry "EST"]
[SourceTitle "playchess.com"]
[Source "ChessBase"]
[SourceQuality "1"]
[TimeControl "900+10"]

1. d4 d6 2. Nf3 Bg4 3. e4 Nf6 4. h3 Bxf3 5. Qxf3 c6 6. Nc3 Nbd7 7. Be3 g6 8. O-O-O Qa5 9. g4 Bg7 10. Bc4 O-O 11. Bb3 b5 12. Kb1 Qc7 13. g5 Nh5 14. Ne2 c5 15. dxc5 Nxc5 16. Bd4 Rac8 17. Bxg7 Nxb3 18. Bc3 Nc5 19. Qe3 Na4 20. Rd2 Nxc3+ 21. Nxc3 Qc5 22. Nd5 Rfe8 23. Qf3 b4 24. h4 a5 25. Rc1 Qc4 26. Nb6 Qe6 27. Nxc8 Rxc8 28. Rd5 Rc4 29. Re1 a4 30. Qe3 f5 31. gxf6 Nxf6 32. Rd4 Ng4 33. Qd2 Ne5 34. Rxc4 Nxc4 35. Qd5 Kf7 36. f4 Qxd5 37. exd5 Nb6 38. Rd1 Kf6 39. Rd4 Kf5 40. Kc1 a3 41. b3 h5 42. Kd2 Kg4 43. Ke3 Kxh4 44. f5+ Kg5 45. fxg6 Kxg6 46. Ke4 Nd7 47. Rxb4 Nf6+ 48. Kf3 Nxd5 49. Ra4 e5 50. Rxa3 Kf5 51. Ra8 e4+ 52. Kg3 h4+ 53. Kxh4 Kf4 54. a4 e3 55. Rf8+ Ke4 56. Kg3 Nb4 57. Rf4+ 1-0

[Event "EIRCC 2019"]
[Site "Tallinn"]
[Date "2019.12.05"]
[Round "3.12"]
[White "Kashtanov, Ruslan"]
[Black "Esipenko, Andrey"]
[Result "0-1"]
[ECO "A06"]
[WhiteElo "2288"]
[BlackElo "2590"]
[Annotator "ChessBase"]
[PlyCount "106"]
[EventDate "2019.12.05"]
[EventType "swiss"]
[EventCountry "EST"]
[SourceTitle "playchess.com"]
[Source "ChessBase"]
[SourceQuality "1"]
[TimeControl "900+10"]

1. Nf3 d5 2. g3 Nd7 3. Bg2 e5 4. d3 Ngf6 5. O-O c6 6. Nc3 Bd6 7. e4 O-O 8. Nh4 dxe4 9. dxe4 Bc5 10. Nf5 b5 11. Qf3 g6 12. Nh6+ Kg7 13. Nd1 Be7 14. Ne3 Nc5 15. Neg4 Nxg4 16. Nxg4 Bxg4 17. Qxg4 Qd4 18. Qe2 Rad8 19. Rb1 Ne6 20. c3 Qd3 21. Qxd3 Rxd3 22. Re1 Rfd8 23. h4 h5 24. Bf1 R3d7 25. b4 g5 26. hxg5 Bxg5 27. Bxg5 Nxg5 28. Kg2 Rd2 29. a4 bxa4 30. Ra1 Rc2 31. Re2 Rxe2 32. Bxe2 Nxe4 33. Bxh5 Rd2 34. Rxa4 Rxf2+ 35. Kg1 Rf6 36. Kg2 Nxc3 37. Rxa7 Nd5 38. Rb7 Ne3+ 39. Kg1 Rf1+ 40. Kh2 Rf5 41. g4 Rf4 42. b5 Nxg4+ 43. Kg3 Nf6 44. Rxf7+ Kh6 45. Bf3 Ne4+ 46. Bxe4 Rxf7 47. Bxc6 Rf6 48. Kg4 Rf4+ 49. Kg3 Rb4 50. Kf3 Kg5 51. Ke3 Kf5 52. Bd7+ Kf6 53. Kd3 Rd4+ 0-1

[Event "EIRCC 2019"]
[Site "Tallinn"]
[Date "2019.12.05"]
[Round "3.13"]
[White "Yuffa, Daniil"]
[Black "Lavendelis, Egons"]
[Result "1-0"]
[ECO "D85"]
[WhiteElo "2587"]
[BlackElo "2293"]
[Annotator "ChessBase"]
[PlyCount "81"]
[EventDate "2019.12.05"]
[EventType "swiss"]
[EventCountry "EST"]
[SourceTitle "playchess.com"]
[Source "ChessBase"]
[SourceQuality "1"]
[TimeControl "900+10"]

1. d4 Nf6 2. c4 g6 3. Nc3 d5 4. cxd5 Nxd5 5. e4 Nxc3 6. bxc3 Bg7 7. Qa4+ Nd7 8. Nf3 O-O 9. Be2 c5 10. O-O Qc7 11. Bg5 Nf6 12. Bd3 b6 13. Rfe1 Bb7 14. Rad1 e6 15. Bh4 Rfc8 16. Bg3 Qd7 17. Bb5 Qe7 18. d5 a6 19. d6 Qd8 20. d7 axb5 21. dxc8=Q Qxc8 22. Qc2 Ra4 23. Bh4 Rxe4 24. Bxf6 Rxe1+ 25. Rxe1 Bxf6 26. Qd3 Bd5 27. Re3 c4 28. Qb1 Qc5 29. Ne5 Qa3 30. Nd7 Bxc3 31. Nxb6 b4 32. h4 Qb2 33. Qd1 Qa1 34. Qxa1 Bxa1 35. Nxd5 exd5 36. Kf1 Bf6 37. Re8+ Kg7 38. Rb8 c3 39. Ke2 d4 40. Rxb4 c2 41. Rc4 1-0

[Event "EIRCC 2019"]
[Site "Tallinn"]
[Date "2019.12.05"]
[Round "3.14"]
[White "Kononenko, Dmitry"]
[Black "Popov, Valerij"]
[Result "0-1"]
[ECO "D30"]
[WhiteElo "2277"]
[BlackElo "2583"]
[Annotator "ChessBase"]
[PlyCount "116"]
[EventDate "2019.12.05"]
[EventType "swiss"]
[EventCountry "EST"]
[SourceTitle "playchess.com"]
[Source "ChessBase"]
[SourceQuality "1"]
[TimeControl "900+10"]

1. d4 d5 2. c4 e6 3. Nf3 Nd7 4. g3 dxc4 5. Bg2 Rb8 6. a4 a6 7. a5 Bb4+ 8. Bd2 Qe7 9. Qc2 b5 10. axb6 cxb6 11. Qxc4 Bd6 12. Nc3 b5 13. Qd3 Ngf6 14. e4 e5 15. dxe5 Bxe5 16. O-O O-O 17. Nxe5 Nxe5 18. Qe2 Bg4 19. f3 Be6 20. Rfd1 Bb3 21. Rdb1 Rfd8 22. Bf4 b4 23. Nd5 Nxd5 24. exd5 Rxd5 25. Qxa6 Qc5+ 26. Kh1 Nd3 27. Qa7 Nf2+ 28. Kg1 Nh3+ 29. Kh1 Qxa7 30. Rxa7 Nxf4 31. gxf4 g6 32. f5 Rxf5 33. Re1 Kg7 34. Kg1 Rc5 35. Re2 Rb6 36. Kf2 Kf6 37. Rd2 Be6 38. Bf1 b3 39. Ra4 Rc2 40. Rf4+ Kg5 41. Rfd4 Rb4 42. Rd6 Rb6 43. R6d4 Rb4 44. Rd6 h5 45. Ke3 Bf5 46. Bd3 Rxd2 47. Kxd2 Rh4 48. Rd5 Rxh2+ 49. Kc3 h4 50. Bxf5 gxf5 51. Kxb3 h3 52. Rd8 Rf2 53. Rg8+ Kf4 54. Rh8 h2 55. Kc3 Rxf3+ 56. Kc4 Kg3 57. b4 Rf4+ 58. Kc5 Rh4 0-1

[Event "EIRCC 2019"]
[Site "Tallinn"]
[Date "2019.12.05"]
[Round "3.15"]
[White "Heinzel, Olaf"]
[Black "Babula, Vlastimil"]
[Result "1/2-1/2"]
[ECO "A45"]
[WhiteElo "2269"]
[BlackElo "2559"]
[Annotator "ChessBase"]
[PlyCount "132"]
[EventDate "2019.12.05"]
[EventType "swiss"]
[EventCountry "EST"]
[SourceTitle "playchess.com"]
[Source "ChessBase"]
[SourceQuality "1"]
[TimeControl "900+10"]

1. d4 Nf6 2. Bf4 c5 3. e3 e6 4. Nf3 cxd4 5. exd4 Qb6 6. Nc3 Nc6 7. a3 d6 8. Be2 Be7 9. O-O O-O 10. h3 Bd7 11. Re1 Rac8 12. Bf1 Na5 13. d5 Qxb2 14. dxe6 fxe6 15. Nb5 e5 16. Nxa7 Ra8 17. Be3 Ba4 18. Qd2 Nc6 19. Bd3 e4 20. Reb1 Qxa1 21. Rxa1 exd3 22. Nxc6 Bxc6 23. cxd3 Bxf3 24. gxf3 Kh8 25. Qb2 d5 26. a4 Nd7 27. Qxb7 Bf6 28. d4 Nc5 29. Qxd5 Nxa4 30. Qc6 Nb6 31. Rxa8 Nxa8 32. d5 h6 33. Kg2 Be5 34. Bxh6 Nc7 35. Be3 Rf6 36. Qb7 Rd6 37. f4 Rg6+ 38. Kf3 Bd6 39. Qc8+ Kh7 40. Qf5 Kh6 41. Qe4 Rf6 42. f5+ Kh7 43. Bd4 Rf7 44. Kg2 Re7 45. Qf3 Rf7 46. Bb6 Ne8 47. Qh5+ Kg8 48. Bd4 Nf6 49. Bxf6 Rxf6 50. Qe8+ Kh7 51. Qe4 Kg8 52. Kf1 Kf7 53. Ke2 Be7 54. Kd3 Ra6 55. Qc4 Rd6 56. Ke4 Kf8 57. Qc7 Rh6 58. f4 Kf7 59. h4 Kf8 60. h5 Kf7 61. Ke5 Ra6 62. d6 Rxd6 63. Qc4+ Kf8 64. Ke4 Bf6 65. Kf3 Be7 66. Qc8+ Rd8 1/2-1/2

[Event "EIRCC 2019"]
[Site "Tallinn"]
[Date "2019.12.05"]
[Round "3.16"]
[White "Khakimov, Timur"]
[Black "Stupak, Kirill"]
[Result "1/2-1/2"]
[ECO "A40"]
[WhiteElo "2253"]
[BlackElo "2552"]
[Annotator "ChessBase"]
[PlyCount "75"]
[EventDate "2019.12.05"]
[EventType "swiss"]
[EventCountry "EST"]
[SourceTitle "playchess.com"]
[Source "ChessBase"]
[SourceQuality "1"]
[TimeControl "900+10"]

1. d4 g6 2. Nf3 Bg7 3. Nc3 Nf6 4. Bf4 O-O 5. e4 d6 6. Qd2 c6 7. O-O-O b5 8. e5 b4 9. exf6 bxc3 10. Qxc3 Bxf6 11. Bh6 Re8 12. h4 Bg4 13. h5 Nd7 14. hxg6 hxg6 15. Bc4 d5 16. Bb3 e5 17. Qxc6 e4 18. Ne5 Nxe5 19. dxe5 Bg5+ 20. Rd2 Bxh6 21. Rxh6 Qg5 22. Rh1 Be6 23. Qc3 Qxg2 24. Rhd1 Qg5 25. Qe3 Qxe5 26. Bxd5 Bxd5 27. Rxd5 Qf6 28. Rd6 Re6 29. Rxe6 Qxe6 30. a3 a6 31. Rh1 Re8 32. Qh6 Qf6 33. Qh7+ Kf8 34. Qh6+ Kg8 35. Kb1 Qg7 36. Qf4 Qe5 37. Qh6 Qg7 38. Qf4 1/2-1/2

[Event "EIRCC 2019"]
[Site "Tallinn"]
[Date "2019.12.05"]
[Round "3.17"]
[White "Ruck, Robert"]
[Black "Chukavin, Kirill"]
[Result "1/2-1/2"]
[ECO "D45"]
[WhiteElo "2551"]
[BlackElo "2290"]
[Annotator "ChessBase"]
[PlyCount "78"]
[EventDate "2019.12.05"]
[EventType "swiss"]
[EventCountry "EST"]
[SourceTitle "playchess.com"]
[Source "ChessBase"]
[SourceQuality "1"]
[TimeControl "900+10"]

1. Nf3 Nf6 2. c4 e6 3. Nc3 d5 4. d4 c6 5. e3 Nbd7 6. Qc2 Bd6 7. b3 O-O 8. Be2 b6 9. O-O Bb7 10. Bb2 Qe7 11. Rfe1 Rfe8 12. e4 Nxe4 13. Nxe4 dxe4 14. Qxe4 Bb4 15. Red1 Bd6 16. Bd3 f5 17. Qe3 Rad8 18. Re1 c5 19. Rad1 Qf7 20. Be2 cxd4 21. Qxd4 Bb4 22. Rf1 Bxf3 23. Bxf3 e5 24. Qd5 e4 25. Be2 Qxd5 26. Rxd5 Nc5 27. Rfd1 Nd3 28. Rxd8 Rxd8 29. Kf1 Bc5 30. Bc3 Kf7 31. Bxd3 exd3 32. b4 Be7 33. Ke1 Rc8 34. Rxd3 Rxc4 35. a3 a5 36. bxa5 bxa5 37. Bxa5 Ra4 38. Bb4 Bxb4+ 39. axb4 Rxb4 1/2-1/2

[Event "EIRCC 2019"]
[Site "Tallinn"]
[Date "2019.12.05"]
[Round "3.18"]
[White "Meyer, Falko"]
[Black "Kulaots, Kaido"]
[Result "0-1"]
[ECO "D01"]
[WhiteElo "2248"]
[BlackElo "2544"]
[Annotator "ChessBase"]
[PlyCount "56"]
[EventDate "2019.12.05"]
[EventType "swiss"]
[EventCountry "EST"]
[SourceTitle "playchess.com"]
[Source "ChessBase"]
[SourceQuality "1"]
[TimeControl "900+10"]

1. d4 Nf6 2. Nc3 d5 3. Bg5 Nbd7 4. Qd3 h6 5. Bf4 c6 6. Nf3 g6 7. Ne5 Bg7 8. f3 O-O 9. h4 Nh5 10. Bh2 e6 11. O-O-O Qxh4 12. Nxd7 Bxd7 13. g4 Ng3 14. Bxg3 Qxg3 15. e4 a5 16. e5 c5 17. Ne2 Qf2 18. dxc5 Bxe5 19. Rxh6 Rac8 20. Kb1 Rxc5 21. f4 Bg7 22. Rh3 Ba4 23. b3 Bb5 24. Qg3 Qxg3 25. Nxg3 Rfc8 26. Rh2 Bxf1 27. Rxf1 a4 28. Rg2 Rc3 0-1

[Event "EIRCC 2019"]
[Site "Tallinn"]
[Date "2019.12.05"]
[Round "3.19"]
[White "Saric, Ante"]
[Black "Nasibullin, Iskander"]
[Result "1-0"]
[ECO "A06"]
[WhiteElo "2538"]
[BlackElo "2270"]
[Annotator "ChessBase"]
[PlyCount "61"]
[EventDate "2019.12.05"]
[EventType "swiss"]
[EventCountry "EST"]
[SourceTitle "playchess.com"]
[Source "ChessBase"]
[SourceQuality "1"]
[TimeControl "900+10"]

1. g3 d5 2. Nf3 Nf6 3. Bg2 b6 4. c4 e6 5. cxd5 Nxd5 6. O-O Bb7 7. Qa4+ c6 8. d4 Be7 9. e4 Nf6 10. Nc3 O-O 11. Rd1 Nbd7 12. Bf4 b5 13. Qc2 Nb6 14. Ne5 Qc8 15. Rac1 Nfd7 16. Nd3 a6 17. Nb1 Rd8 18. Nd2 Nf6 19. Nb3 Nc4 20. Ndc5 Nd7 21. Nxd7 Rxd7 22. Bf1 e5 23. dxe5 Rxd1 24. Rxd1 Nb6 25. Na5 c5 26. Be3 Rb8 27. b4 Qc7 28. Bh3 c4 29. e6 fxe6 30. Bxe6+ Kh8 31. Bf4 1-0

[Event "EIRCC 2019"]
[Site "Tallinn"]
[Date "2019.12.05"]
[Round "3.20"]
[White "Stocek, Jiri"]
[Black "Martynov, Roman"]
[Result "1/2-1/2"]
[ECO "E47"]
[WhiteElo "2532"]
[BlackElo "2269"]
[Annotator "ChessBase"]
[PlyCount "105"]
[EventDate "2019.12.05"]
[EventType "swiss"]
[EventCountry "EST"]
[SourceTitle "playchess.com"]
[Source "ChessBase"]
[SourceQuality "1"]
[TimeControl "900+10"]

1. d4 Nf6 2. c4 e6 3. Nc3 Bb4 4. e3 O-O 5. Bd3 c5 6. Nge2 cxd4 7. exd4 d5 8. cxd5 Nxd5 9. O-O Nc6 10. a3 Be7 11. Bc2 b6 12. Qd3 Nf6 13. Bg5 g6 14. Rad1 Bb7 15. Rfe1 Rc8 16. Qh3 Re8 17. Bh6 Bf8 18. Bxf8 Rxf8 19. Nf4 Ne7 20. Qg3 Ned5 21. Ncxd5 Rxc2 22. Nb4 Rc8 23. h4 Ne4 24. Qg4 Nf6 25. Qh3 a5 26. Nbd3 Qxd4 27. Nxe6 fxe6 28. Ne5 Qc5 29. Qxe6+ Kh8 30. Nf7+ Kg7 31. Nd6 Rc7 32. Rc1 Qxc1 33. Rxc1 Rxc1+ 34. Kh2 Rc7 35. Qe5 Rd7 36. g4 Rxd6 37. Qxd6 Nxg4+ 38. Kg1 Bf3 39. Kf1 Rf6 40. Qc7+ Rf7 41. Qc3+ Kh6 42. Qd2+ Kg7 43. Qc3+ Kg8 44. Qc8+ Rf8 45. Qc4+ Kg7 46. Qc7+ Rf7 47. Qc3+ Kg8 48. Qc8+ Kg7 49. Qc3+ Rf6 50. Qc7+ Kg8 51. Qc8+ Kg7 52. Qc7+ Rf7 53. Qc3+ 1/2-1/2

[Event "EIRCC 2019"]
[Site "Tallinn"]
[Date "2019.12.05"]
[Round "3.22"]
[White "Lintchevski, Daniil"]
[Black "Kanep, Siim"]
[Result "1-0"]
[ECO "B90"]
[WhiteElo "2515"]
[BlackElo "2260"]
[Annotator "ChessBase"]
[PlyCount "129"]
[EventDate "2019.12.05"]
[EventType "swiss"]
[EventCountry "EST"]
[SourceTitle "playchess.com"]
[Source "ChessBase"]
[SourceQuality "1"]
[TimeControl "900+10"]

1. e4 c5 2. Nf3 d6 3. d4 cxd4 4. Nxd4 Nf6 5. Nc3 a6 6. Be3 e5 7. Nf3 Be7 8. Bc4 O-O 9. O-O Nc6 10. Qe2 Be6 11. Bb3 Rc8 12. Rfd1 h6 13. Nd5 Bxd5 14. Bxd5 Qc7 15. c3 Na5 16. a4 Nc4 17. Bxc4 Qxc4 18. Qxc4 Rxc4 19. Nd2 Rcc8 20. c4 Ng4 21. b3 Nxe3 22. fxe3 Rc5 23. Kf2 b5 24. axb5 axb5 25. Ra7 Bg5 26. Rb7 bxc4 27. Nxc4 f5 28. Rxd6 f4 29. Ke2 fxe3 30. Nxe3 Bxe3 31. Kxe3 Rc3+ 32. Kd2 Rc5 33. Rg6 Rd8+ 34. Ke1 Rc2 35. Rgxg7+ Kh8 36. Rh7+ Kg8 37. Rbg7+ Kf8 38. Rc7 Rxg2 39. Rh8+ Rg8 40. Rxh6 Rd4 41. Rh4 Rb4 42. Rc3 Rg2 43. Kf1 Rb2 44. Rh7 Rb1+ 45. Kf2 Rb2+ 46. Kf3 R2xb3 47. Rxb3 Rxb3+ 48. Kg4 Kg8 49. Rh3 Rb5 50. Kf5 Kg7 51. Rd3 Rb2 52. Rg3+ Kf7 53. Rh3 Rb5 54. Rh7+ Kg8 55. Rh6 Kf7 56. h4 Ra5 57. h5 Ra1 58. Kxe5 Kg7 59. Rg6+ Kh7 60. Rg2 Ra5+ 61. Kf6 Ra6+ 62. Kf5 Ra5+ 63. e5 Kh6 64. Kf6 Ra3 65. e6 1-0

[Event "EIRCC 2019"]
[Site "Tallinn"]
[Date "2019.12.05"]
[Round "3.23"]
[White "Burg, Brent"]
[Black "Pershin, Denis"]
[Result "0-1"]
[ECO "D78"]
[WhiteElo "2236"]
[BlackElo "2509"]
[Annotator "ChessBase"]
[PlyCount "56"]
[EventDate "2019.12.05"]
[EventType "swiss"]
[EventCountry "EST"]
[SourceTitle "playchess.com"]
[Source "ChessBase"]
[SourceQuality "1"]
[TimeControl "900+10"]

1. d4 Nf6 2. Nf3 d5 3. g3 c6 4. Bg2 g6 5. O-O Bg7 6. c4 O-O 7. Nbd2 a5 8. b3 Bf5 9. Bb2 Qd7 10. Re1 Ne4 11. Nh4 Nxd2 12. Qxd2 Bh3 13. Rad1 Bxg2 14. Nxg2 a4 15. e4 dxe4 16. Rxe4 axb3 17. axb3 e6 18. Ree1 Na6 19. Nf4 Rfd8 20. d5 Bxb2 21. Qxb2 exd5 22. cxd5 Qf5 23. Re5 Qf6 24. h4 Nb4 25. Nh5 Qh8 26. d6 Nd5 27. Rde1 Nf6 28. d7 Nxd7 0-1

[Event "EIRCC 2019"]
[Site "Tallinn"]
[Date "2019.12.05"]
[Round "3.24"]
[White "Sebenik, Matej"]
[Black "Nestor, Kaarel"]
[Result "1-0"]
[ECO "A18"]
[WhiteElo "2504"]
[BlackElo "2255"]
[Annotator "ChessBase"]
[PlyCount "74"]
[EventDate "2019.12.05"]
[EventType "swiss"]
[EventCountry "EST"]
[SourceTitle "playchess.com"]
[Source "ChessBase"]
[SourceQuality "1"]
[TimeControl "900+10"]

1. c4 Nf6 2. Nc3 e6 3. e4 d6 4. d4 Be7 5. Nf3 c5 6. d5 e5 7. Be2 O-O 8. O-O Ne8 9. Ne1 f5 10. f4 exf4 11. exf5 Bxf5 12. Bxf4 Bf6 13. Bd3 Bd4+ 14. Kh1 g5 15. Bd2 Ng7 16. Qc2 Bxd3 17. Nxd3 Rxf1+ 18. Rxf1 Nd7 19. Ne4 h6 20. Nxd6 Qb6 21. Nb5 Re8 22. Nxd4 cxd4 23. c5 Qa6 24. Kg1 Qxa2 25. Nb4 Qa5 26. c6 bxc6 27. dxc6 Nb6 28. Qg6 Re6 29. Qf7+ Kh7 30. c7 Qc5 31. Rc1 Nc4 32. Qf1 d3+ 33. Kh1 Qxc7 34. Qxd3+ Kh8 35. Rxc4 Qe5 36. Rc8+ Re8 37. Rxe8+ Qxe8 1-0

[Event "EIRCC 2019"]
[Site "Tallinn"]
[Date "2019.12.05"]
[Round "3.25"]
[White "Kanep, Meelis"]
[Black "Kozak, Adam"]
[Result "1-0"]
[ECO "A45"]
[WhiteElo "2466"]
[BlackElo "2240"]
[Annotator "ChessBase"]
[PlyCount "87"]
[EventDate "2019.12.05"]
[EventType "swiss"]
[EventCountry "EST"]
[SourceTitle "playchess.com"]
[Source "ChessBase"]
[SourceQuality "1"]
[TimeControl "900+10"]

1. d4 Nf6 2. Bg5 d5 3. e3 c5 4. Bxf6 gxf6 5. c4 dxc4 6. Bxc4 cxd4 7. exd4 Bg7 8. Nc3 O-O 9. Nge2 Nc6 10. O-O Bf5 11. d5 Ne5 12. Bb3 Qb6 13. Ng3 Bg6 14. Na4 Qb4 15. f4 Nd3 16. f5 Qd4+ 17. Kh1 Nf2+ 18. Rxf2 Qxf2 19. fxg6 hxg6 20. Qe1 Qxe1+ 21. Rxe1 Rfe8 22. Nc5 b6 23. Nd3 b5 24. h4 f5 25. h5 Kh7 26. hxg6+ fxg6 27. Ne2 Bf6 28. g4 fxg4 29. Kg2 a5 30. a4 Rab8 31. axb5 Rxb5 32. Ba4 Reb8 33. Bxb5 Rxb5 34. Nc3 Bxc3 35. bxc3 Rxd5 36. Nf4 Rd7 37. Re4 Kh6 38. Kg3 g5 39. Ne2 Kh5 40. Kf2 Kh4 41. Re6 g3+ 42. Nxg3 Ra7 43. Re4+ g4 44. Re5 1-0

[Event "EIRCC 2019"]
[Site "Tallinn"]
[Date "2019.12.05"]
[Round "3.26"]
[White "Dubrovin, Robert"]
[Black "Loginov, Valery A"]
[Result "0-1"]
[ECO "E49"]
[WhiteElo "2235"]
[BlackElo "2461"]
[Annotator "ChessBase"]
[PlyCount "102"]
[EventDate "2019.12.05"]
[EventType "swiss"]
[EventCountry "EST"]
[SourceTitle "playchess.com"]
[Source "ChessBase"]
[SourceQuality "1"]
[TimeControl "900+10"]

1. d4 Nf6 2. c4 e6 3. Nc3 Bb4 4. e3 O-O 5. Bd3 d5 6. a3 Bxc3+ 7. bxc3 b6 8. cxd5 exd5 9. f3 Ba6 10. Ne2 Bxd3 11. Qxd3 c5 12. O-O Nc6 13. Ng3 Re8 14. Bb2 Qc7 15. e4 cxd4 16. cxd4 Na5 17. e5 Nd7 18. f4 Qc4 19. Qf3 Qb3 20. Bc3 Rac8 21. Rac1 Nc4 22. Qxd5 Red8 23. e6 Nf6 24. exf7+ Kh8 25. Qe6 Nd2 26. Rfe1 Qxe6 27. Rxe6 Nb3 28. Rce1 Rf8 29. Bb2 Rxf7 30. d5 Nxd5 31. Nh5 Kg8 32. Re8+ Rxe8 33. Rxe8+ Rf8 34. Rxf8+ Kxf8 35. Bxg7+ Kf7 36. Be5 Nd2 37. Bb2 Nc4 38. Bc1 b5 39. Kf2 a5 40. Ke2 Nc3+ 41. Kd3 Na2 42. Bd2 a4 43. Kc2 Nxa3+ 44. Kb2 Nc4+ 45. Kxa2 Nxd2 46. Ka3 Nc4+ 47. Kb4 Ne3 48. Ng3 Nd5+ 49. Kxb5 a3 50. Ne2 a2 51. Nc1 a1=Q 0-1

[Event "EIRCC 2019"]
[Site "Tallinn"]
[Date "2019.12.05"]
[Round "3.27"]
[White "Thorfinnsson, Bragi"]
[Black "Nivala, Tuomas"]
[Result "1-0"]
[ECO "B06"]
[WhiteElo "2457"]
[BlackElo "2236"]
[Annotator "ChessBase"]
[PlyCount "59"]
[EventDate "2019.12.05"]
[EventType "swiss"]
[EventCountry "EST"]
[SourceTitle "playchess.com"]
[Source "ChessBase"]
[SourceQuality "1"]
[TimeControl "900+10"]

1. e4 g6 2. d4 Bg7 3. Nc3 c6 4. Be2 d5 5. e5 f6 6. f4 Nh6 7. g4 Nf7 8. h4 fxe5 9. dxe5 e6 10. Be3 b6 11. Qd2 Bb7 12. Bf3 c5 13. h5 g5 14. O-O-O gxf4 15. Bxf4 O-O 16. h6 Bxe5 17. Bxe5 Nxe5 18. Bg2 Nc4 19. Qe1 Qg5+ 20. Kb1 Ne3 21. Rh5 Qxg4 22. Rh4 Qg5 23. Nf3 Qxg2 24. Qxe3 Qxf3 25. Rg1+ Kh8 26. Qg5 Qf1+ 27. Nd1 Qf6 28. Qg7+ Qxg7 29. hxg7+ Kg8 30. Rxh7 1-0

[Event "EIRCC 2019"]
[Site "Tallinn"]
[Date "2019.12.05"]
[Round "3.28"]
[White "Chernyak, Viktoria"]
[Black "Ladva, Ottomar"]
[Result "1-0"]
[ECO "A13"]
[WhiteElo "2233"]
[BlackElo "2446"]
[Annotator "NA"]
[PlyCount "95"]
[EventDate "2019.12.05"]
[EventType "swiss"]
[EventCountry "EST"]
[SourceTitle "playchess.com"]
[Source "ChessBase"]
[SourceQuality "1"]
[TimeControl "900+10"]

1. c4 e6 2. Nf3 d5 3. g3 dxc4 4. Qa4+ Nd7 $11 5. Qxc4 a6 6. Bg2 b5 7. Qc2 Bb7 8. b3 Ngf6 9. Bb2 Be7 10. O-O O-O 11. Nc3 c5 12. Rac1 Rc8 13. d3 Qb6 14. h3 Rfd8 15. Kh2 Nb8 16. e4 Nc6 17. Qe2 Nd7 18. Nd1 Nd4 19. Qd2 Bf6 20. Nxd4 Bxd4 21. Bxd4 cxd4 22. Rxc8 Rxc8 23. f4 Qc5 24. Qf2 e5 25. h4 Nf6 26. Bh3 Re8 27. g4 Bc8 28. Kg3 h5 29. f5 hxg4 30. Bxg4 Nxg4 31. Kxg4 g6 32. Qg3 Kf8 33. h5 gxh5+ 34. Kxh5 Ke7 35. Qg7 Qd6 36. Nf2 Kd8 37. Ng4 Kc7 38. Qxf7+ Re7 39. Rc1+ Kb6 40. Qg6 Be6 41. fxe6 Rxe6 42. Qg8 Ka5 43. Rc2 Kb4 44. Qf7 Re7 45. Qf6 Re6 46. Qf2 Qe7 47. Qe1+ Ka3 48. Qa5# 1-0